 Dungeon Crawl Stone Soup version 0.27.1-3-gb3d3a73c9e (webtiles) character file.

Game seed: 13083407916118216760

100 DearestLeader the Magician (level 4, -2/32 HPs)
             Began as a Gnoll Wanderer on Oct 25, 2021.
             Slain by a gnoll (4 damage)
             ... on level 3 of the Dungeon.
             The game lasted 00:04:51 (2274 turns).

DearestLeader the Magician (Gnoll Wanderer)         Turns: 2274, Time: 00:04:52

Health: -2/32      AC:  3    Str: 11    XL:     4   Next: 73%
Magic:  1/11       EV: 12    Int: 12    God:
Gold:   122        SH:  0    Dex: 12    Spells: 7/13 levels left

rFire    . . .     SeeInvis .   a - +0 quarterstaff
rCold    . . .     Faith    .   (shield currently unavailable)
rNeg     . . .     Spirit   .   i - +0 leather armour
rPois    .         Reflect  .   (no helmet)
rElec    .         Harm     .   (no cloak)
rCorr    .         Rampage  .   (no gloves)
Will     .....                  (no boots)
Stlth    ++........             (no amulet)
HPRegen  0.10/turn              (no ring)
MPRegen  0.12/turn              (no ring)

@: very slightly contaminated
A: fangs 1, strong nose, distributed training
a: no special abilities


You were on level 3 of the Dungeon.
You visited 1 branch of the dungeon, and saw 3 of its levels.

You collected 122 gold pieces.

Inventory:

Hand Weapons
 a - a +0 quarterstaff (weapon)
Armour
 b - a +0 kite shield
 c - a +0 robe
 i - a +0 leather armour (worn)
 n - a +0 buckler
Scrolls
 d - 2 scrolls of teleportation {unknown}
 f - a scroll of identify {unknown}
 g - a scroll of fear {unknown}
 h - a scroll of noise {unknown}
 j - a scroll of amnesia {unknown}
 k - a scroll of fog {unknown}
Potions
 e - a potion of berserk rage {unknown}
 l - 2 potions of lignification {unknown}
 m - a potion of haste {unknown}
 o - 2 potions of heal wounds {unknown}


   Skills:
 + Level 1.2 Fighting
 + Level 1.2 Short Blades
 + Level 4.7 Long Blades
 + Level 1.2 Axes
 + Level 1.2 Maces & Flails
 + Level 1.2 Polearms
 + Level 1.2 Staves
 + Level 1.2 Slings
 + Level 1.2 Bows
 + Level 1.2 Crossbows
 + Level 1.2 Throwing
 + Level 1.2 Armour
 + Level 2.8 Dodging
 + Level 2.6 Stealth
 + Level 2.8 Shields
 + Level 1.2 Unarmed Combat
 + Level 5.1 Spellcasting
 + Level 2.3 Conjurations
 + Level 1.0 Hexes
 + Level 1.0 Summonings
 + Level 1.0 Necromancy
 + Level 1.0 Translocations
 + Level 3.9 Transmutations
 + Level 1.0 Fire Magic
 + Level 1.0 Ice Magic
 + Level 1.0 Air Magic
 + Level 1.0 Earth Magic
 + Level 1.0 Poison Magic
 + Level 1.3 Invocations
 + Level 1.2 Evocations


You had 7 spell levels left.
You knew the following spells:

 Your Spells              Type           Power      Damage    Failure   Level
a - Magic Dart            Conj           32%        1d4       11%         1
b - Mephitic Cloud        Conj/Pois/Air  6%         N/A       41%         3
c - Call Imp              Summ           5%         N/A       26%         2

Your spell library contained the following spells:

 Spells                   Type           Power      Damage    Failure   Level
 Blink                    Tloc           N/A        N/A       26%         2
 Slow                     Hex            5%         N/A       26%         2
 Conjure Flame            Conj/Fire      7%         6-21      36%         3
 Lesser Beckoning         Tloc           2%         N/A       45%         3
 Manifold Assault         Tloc           5%         N/A       99%         5
 Summon Forest            Summ/Tloc      2%         N/A       99%         5
 Summon Mana Viper        Hex/Summ       5%         N/A       99%         5
 Shadow Creatures         Summ           N/A        N/A       100%        6


Dungeon Overview and Level Annotations

Branches:
Dungeon (3/15)

Altars:


Innate Abilities, Weirdness & Mutations

You have very sharp teeth.
Your uncanny sense of smell can sniff out nearby items.
Your experience applies equally to all skills.


Message History

Press: ? - help, Shift-Dir - straight line, f/p - gnoll
Aim: a gnoll, wielding a +1 vorpal flail (heavily wounded, 100% to hit)
The magic dart hits the gnoll but does no damage.
The gnoll is heavily wounded.
The gnoll closely misses you.
Casting: Magic Dart (safe; 11% risk of failure)
Confirm with . or Enter, or press ? or * to list all spells.
Aiming: Magic Dart (safe; 11% risk of failure)
Press: ? - help, Shift-Dir - straight line, f/p - gnoll
Aim: a gnoll, wielding a +1 vorpal flail (heavily wounded, 100% to hit)
The magic dart hits the gnoll.
The gnoll is severely wounded.
The gnoll hits you with a +1 vorpal flail!
Casting: Magic Dart (safe; 11% risk of failure)
Confirm with . or Enter, or press ? or * to list all spells.
Aiming: Magic Dart (safe; 11% risk of failure)
Press: ? - help, Shift-Dir - straight line, f/p - gnoll
Aim: a gnoll, wielding a +1 vorpal flail (severely wounded, 100% to hit)
The magic dart hits the gnoll.
The gnoll is almost dead.
The gnoll misses you.
Casting: Magic Dart (safe; 11% risk of failure)
Confirm with . or Enter, or press ? or * to list all spells.
Aiming: Magic Dart (safe; 11% risk of failure)
Press: ? - help, Shift-Dir - straight line, f/p - gnoll
Aim: a gnoll, wielding a +1 vorpal flail (almost dead, 100% to hit)
You miscast Magic Dart.
Nothing appears to happen.
The gnoll barely misses you.
Casting: Magic Dart (safe; 11% risk of failure)
Confirm with . or Enter, or press ? or * to list all spells.
Aiming: Magic Dart (safe; 11% risk of failure)
Press: ? - help, Shift-Dir - straight line, f/p - gnoll
Aim: a gnoll, wielding a +1 vorpal flail (almost dead, 100% to hit)
You miscast Magic Dart.
Nothing appears to happen.
The gnoll closely misses you.
You closely miss the gnoll.
The gnoll is almost dead.
The gnoll hits you with a +1 vorpal flail!
* * * LOW HITPOINT WARNING * * *
x2 The gnoll hits you with a +1 vorpal flail.
You die...

########## #........#
#.######.##
##########.#####...###
#....@g....##.........
#)#######.#.#.##g..##.
#<# #.###..g.......
#.# ## #>#.#####.#.
#.# #.##.# #.## #.# #.
#.# #... #.# # #.#
#### #.# #.# # #.# #..
.


You could see a gnoll.

Vanquished Creatures
  An adder (D:2)
  3 gnolls (D:3)
  2 worms (D:2)
  2 dart slugs (D:1)
  An orc (D:2)
  3 bats
  4 endoplasms
  4 giant cockroaches
  A hobgoblin (D:1)
  A kobold (D:1)
  A quokka (D:1)
  3 ball pythons
  A frilled lizard (D:1)
  5 goblins
  4 rats
36 creatures vanquished.

Vanquished Creatures (collateral kills)
  Terence (D:2)
  An endoplasm (D:2)
2 creatures vanquished.

Grand Total: 38 creatures vanquished

Notes
Turn   | Place    | Note
-------+----------+-------------------------------------------
     0 | D:1      | DearestLeader the Gnoll Wanderer began the quest for the
                  | Orb.
     0 | D:1      | DearestLeader set off with the following items: a +0
                  | quarterstaff, a +0 kite shield, a +0 robe; and the
                  | following spell memorised: Magic Dart; and the following
                  | spells available to memorise: Blink, Call Imp, Slow,
                  | Conjure Flame, Mephitic Cloud
     0 | D:1      | Reached XP level 1. HP: 13/13 MP: 6/6
   171 | D:1      | Reached XP level 2. HP: 19/19 MP: 7/7
   727 | D:2      | Reached skill level 5 in Spellcasting
   727 | D:2      | Reached XP level 3. HP: 25/25 MP: 0/9
   731 | D:2      | Learned a level 3 spell: Mephitic Cloud
   734 | D:2      | Learned a level 2 spell: Call Imp
   930 | D:2      | Noticed Terence
   944 | D:2      | Killed Terence
   945 | D:2      | Reached skill level 1 in Invocations
  1310 | D:2      | Reached skill level 1 in Fighting
  1310 | D:2      | Reached skill level 1 in Short Blades
  1310 | D:2      | Reached skill level 1 in Axes
  1310 | D:2      | Reached skill level 1 in Maces & Flails
  1310 | D:2      | Reached skill level 1 in Polearms
  1310 | D:2      | Reached skill level 1 in Staves
  1310 | D:2      | Reached skill level 1 in Slings
  1310 | D:2      | Reached skill level 1 in Bows
  1310 | D:2      | Reached skill level 1 in Crossbows
  1310 | D:2      | Reached skill level 1 in Throwing
  1310 | D:2      | Reached skill level 1 in Armour
  1310 | D:2      | Reached skill level 1 in Unarmed Combat
  1310 | D:2      | Reached skill level 1 in Evocations
  1478 | D:2      | Reached XP level 4. HP: 18/32 MP: 4/11
  1969 | D:3      | Reached skill level 1 in Hexes
  1969 | D:3      | Reached skill level 1 in Summonings
  1969 | D:3      | Reached skill level 1 in Necromancy
  1969 | D:3      | Reached skill level 1 in Translocations
  1969 | D:3      | Reached skill level 1 in Fire Magic
  1969 | D:3      | Reached skill level 1 in Ice Magic
  1969 | D:3      | Reached skill level 1 in Air Magic
  1969 | D:3      | Reached skill level 1 in Earth Magic
  1969 | D:3      | Reached skill level 1 in Poison Magic
  2274 | D:3      | Slain by a gnoll

Illustrated notes

Levels and vault maps discovered:
D:1:      doesnt_arrival_eight_statues, layout_rooms
D:2:      layout_basic, uniq_terence
D:3:      layout_loops_ring, hellmonk_ecumenical_altar_zigzags,
          hangedman_abyss_or_decor_lesser_grid, dk_noncrumbling_3

Skill      XL: |  1  2  3  4 |
---------------+-------------+-----
Conjurations   | 2 |  2.3
Spellcasting   | 5 |  5.1
Invocations    | 1 |  1.3
Fighting       | 1 |  1.2
Short Blades   | 1 |  1.2
Axes           | 1 |  1.2
Maces & Flails | 1 |  1.2
Polearms       | 1 |  1.2
Staves         | 1 |  1.2
Slings         | 1 |  1.2
Bows           | 1 |  1.2
Crossbows      | 1 |  1.2
Throwing       | 1 |  1.2
Armour         | 1 |  1.2
Unarmed Combat | 1 |  1.2
Evocations     | 1 |  1.2
Hexes          | 1 |  1.0
Summonings     | 1 |  1.0
Necromancy     | 1 |  1.0
Translocations | 1 |  1.0
Fire Magic     | 1 |  1.0
Ice Magic      | 1 |  1.0
Air Magic      | 1 |  1.0
Earth Magic    | 1 |  1.0
Poison Magic   | 1 |  1.0
Long Blades    | |  4.7
Dodging        | |  2.8
Stealth        | |  2.6
Shields        | |  2.8
Transmutations | |  3.9

Action                   |  1- 3 |  4- 6 || total
-------------------------+-------+-------++-------
Melee: Quarterstaff      |    53 |    16 ||    69
       Bite              |     3 |     2 ||     5
 Cast: Magic Dart        |    29 |    19 ||    48
       Call Imp          |     1 |     1 ||     2
 Stab: Sleeping          |     4 |       ||     4
Armor: Robe              |     4 |       ||     4
       Leather armour    |     4 |     1 ||     5
Dodge: Dodged            |    36 |    15 ||    51
